 Dungeon Crawl Stone Soup version 0.30-a0-322-g102857c98e (webtiles) character file.

Game seed: 13597125866299459718

3623 billz999 the Skirmisher (level 10, 79/79 HPs)
             Began as a Gnoll Hunter on Oct 28, 2022.
             Was an Initiate of Kikubaaqudgha.
             Got out of the dungeon alive.
             The game lasted 00:20:58 (8486 turns).

billz999 the Skirmisher (Gnoll Hunter)              Turns: 8486, Time: 00:20:58

Health: 79/79      AC:  5    Str: 12    XL:     10   Next: 11%
Magic:  17/17      EV: 16    Int: 14    God:    Kikubaaqudgha [......]
Gold:   603        SH:  0    Dex: 19    Spells: 14/19 levels left

rFire   . . .      SeeInvis .    b - +3 scimitar (freeze)
rCold   . . .      Faith    .    (no shield)
rNeg    . . .      Spirit   .    c - +0 leather armour
rPois   .          Reflect  .    (no helmet)
rElec   .          Harm     .    y - scarf {+Inv}
rCorr   .          Rampage  .    k - +1 pair of gloves
Will    .....                    (no boots)
Stlth   +++.......               G - amulet of regeneration
HPRegen 1.13/turn                n - ring of wizardry
MPRegen 0.15/turn                C - +6 ring of intelligence

@: no status effects
A: fangs 1, strong nose, distributed training
a: Renounce Religion, Evoke Invisibility


You escaped.
You worshipped Kikubaaqudgha.
Kikubaaqudgha was noncommittal.
You visited 2 branches of the dungeon, and saw 9 of its levels.

You collected 603 gold pieces.

Inventory:

Hand Weapons
 a - a +0 shortbow
 b - a +3 scimitar of freezing (weapon)
 B - a +0 vorpal hand axe
Missiles
 v - 11 poisoned darts
 w - 11 javelins
Armour
 c - a +0 leather armour (worn)
 e - a +0 pair of gloves
 k - a +1 pair of gloves (worn)
 y - a scarf of invisibility (worn)
 z - a +0 pair of gloves
Jewellery
 n - a ring of wizardry (left hand)
 s - a ring of fire
 C - a +6 ring of intelligence (right hand)
 F - a ring of ice
 G - an amulet of regeneration (around neck)
 H - a ring of protection from cold
Wands
 I - a wand of polymorph (15)
 J - a wand of roots (4)
Scrolls
 f - 2 scrolls of torment
 g - 2 scrolls of immolation
 h - a scroll of noise
 i - 2 scrolls of teleportation
 j - 2 scrolls of poison
 l - a scroll of blinking
 p - 3 scrolls of butterflies
 r - 2 scrolls of fear {unknown}
 t - 3 scrolls of enchant weapon {unknown}
 A - a scroll of silence {unknown}
 L - 4 scrolls of identify
Potions
 d - a potion of berserk rage {unknown}
 m - 3 potions of haste
 o - 3 potions of attraction
 q - a potion of resistance {unknown}
 u - a potion of might {unknown}
 x - 2 potions of heal wounds
 D - 2 potions of lignification {unknown}
 E - a potion of experience {unknown}
 K - a potion of invisibility
 M - a potion of brilliance {unknown}


   Skills:
 + Level 7.0 Fighting
 + Level 5.1 Short Blades
 + Level 5.1 Long Blades
 + Level 5.1 Axes
 + Level 5.1 Maces & Flails
 + Level 5.1 Polearms
 + Level 5.1 Staves
 + Level 10.0 Ranged Weapons
 + Level 5.1 Throwing
 + Level 5.1 Armour
 + Level 7.0 Dodging
 + Level 5.7 Stealth
 + Level 5.1 Shields
 + Level 5.1 Unarmed Combat
 + Level 5.1 Spellcasting
 + Level 4.2 Conjurations
 + Level 4.2 Hexes
 + Level 4.2 Summonings
 + Level 4.2 Necromancy
 + Level 4.2 Translocations
 + Level 4.2 Transmutations
 + Level 4.2 Fire Magic
 + Level 4.2 Ice Magic
 + Level 4.2 Air Magic
 + Level 4.2 Earth Magic
 + Level 4.2 Poison Magic
 + Level 5.6 Invocations
 + Level 5.1 Evocations


You had 14 spell levels left.
You knew the following spells:

 Your Spells              Type           Power      Damage    Failure   Level
a - Poisonous Vapours     Pois/Air       30%        N/A       2%          2
b - Mephitic Cloud        Conj/Pois/Air  15%        N/A       4%          3

Your spell library contained the following spells:

 Spells                   Type           Power      Damage    Failure   Level
 Apportation              Tloc           30%        N/A       1%          1
 Magic Dart               Conj           60%        1d6       1%          1
 Necrotise                Necr           60%        1d7       1%          1
 Sting                    Tmut/Pois      60%        1d6       1%          1
 Call Imp                 Summ           15%        N/A       2%          2
 Vampiric Draining        Necr           15%        2d7       4%          3
 Olgreb's Toxic Radiance  Pois           15%        N/A       16%         4
 Agony                    Necr           15%        N/A       38%         5
 Alistair's Intoxication  Tmut/Pois      10%        N/A       38%         5


Dungeon Overview and Level Annotations

Branches:
Dungeon (8/15)             Temple (1/1) D:6            Lair (0/5) D:8

Altars:
Ashenzari
Cheibriados
Dithmenos
Fedhas
Kikubaaqudgha
Okawaru
Qazlal
Ru
Sif Muna
Vehumet
Wu Jian
Xom
Zin

Shops:
D:6 **


Innate Abilities, Weirdness & Mutations

You have very sharp teeth.
Your uncanny sense of smell can sniff out nearby items.
Your experience applies equally to all skills.


Message History

You kneel at the altar of Kikubaaqudgha.
You kneel at the altar of Kikubaaqudgha.
You have lost your religion!
Okawaru does not appreciate desertion!
Kikubaaqudgha welcomes you!
Done exploring.
Done exploring.
There is a staircase back to the Dungeon here.
You climb upwards.
Welcome back to the Dungeon!
There is a staircase to the Ecumenical Temple here.
Done exploring.
(D) Dungeon (T) Temple (L) Lair
Where to? (Enter - Temple @ (x,y), ? - help)
What level of the Dungeon? (default 1, ? - help) Have to go through D:7.
Continue?
There is a stone staircase leading down here.
You climb downwards.
There is a stone staircase leading up here.
There is an escape hatch in the ceiling, spattered with blood here.
A mysterious force pulls you upwards. The hatch slams shut behind you.
There is a stone staircase leading up here.
You climb upwards.
There is a stone staircase leading down here.
You see here a +0 ring mail.
There is a stone staircase leading up here.
You climb upwards.
There is a stone staircase leading down here.
There is a stone staircase leading up here.
You climb upwards.
There is a stone staircase leading down, spattered with blood here.
There is a stone staircase leading up here.
You climb upwards.
There is a stone staircase leading down here.
There is a stone staircase leading up here.
You climb upwards.
There is a stone staircase leading down here.
There is an open door here.
There is a staircase leading out of the dungeon here.
Are you sure you want to leave the Dungeon?
This will make you lose the game!
You have escaped!

#........# #...#..)..#
#.######## #########.#
#.##########################..
#.#.#..#.....#..#.....#..#.#..
#.#.......#..#..#..#..#..#.#..
#......)......................
##..#..#..#.....#..#..#..#....
##.#..#..#.....#..........#..
#.#.....#..@.....#..#....#..
##########################..
##.# #..# #.## #..# #... #...
#...


There were no monsters in sight!

Vanquished Creatures
  Sigmund (D:2)
  A wyvern (D:7)
  A yak (D:8)
  Menkaure (D:7)
  3 water moccasins (D:8)
  3 sky beasts (D:6)
  2 ice beasts
  4 black bears
  2 ogres
  A centaur (D:7)
  2 phantoms (D:6)
  2 bullfrogs
  6 scorpions
  A wight (D:6)
  9 killer bees
  6 jellies
  A gnoll bouda (D:5)
  2 hounds
  Terence (D:3)
  2 iguanas
  3 orc wizards
  Robin (D:2)
  3 adders
  A white imp (D:6)
  2 ufetubi
  A worm (D:3)
  6 dart slugs
  13 orcs
  10 ball pythons
  11 endoplasms
  5 giant cockroaches
  18 goblins
  11 hobgoblins
  2 jackals (D:4)
  10 kobolds
  7 quokkas
  2 frilled lizards
  3 rats
160 creatures vanquished.

Vanquished Creatures (others)
  32 fungi (D:8)
  35 plants (D:8)
67 creatures vanquished.

Grand Total: 227 creatures vanquished

Notes
Turn   | Place    | Note
-------+----------+-------------------------------------------
     0 | D:1      | billz999 the Gnoll Hunter began the quest for the Orb.
     0 | D:1      | Reached XP level 1. HP: 20/20 MP: 1/1
    34 | D:1      | Reached XP level 2. HP: 26/26 MP: 2/2
   206 | D:1      | Reached XP level 3. HP: 31/31 MP: 3/3
   412 | D:1      | Reached skill level 1 in Invocations
   489 | D:2      | Noticed Robin
   675 | D:2      | Noticed Sigmund
   695 | D:2      | Killed Sigmund
   696 | D:2      | Reached skill level 1 in Short Blades
   696 | D:2      | Reached skill level 1 in Long Blades
   696 | D:2      | Reached skill level 1 in Axes
   696 | D:2      | Reached skill level 1 in Maces & Flails
   696 | D:2      | Reached skill level 1 in Polearms
   696 | D:2      | Reached skill level 1 in Staves
   696 | D:2      | Reached skill level 1 in Throwing
   696 | D:2      | Reached skill level 1 in Armour
   696 | D:2      | Reached skill level 1 in Shields
   696 | D:2      | Reached skill level 1 in Unarmed Combat
   696 | D:2      | Reached skill level 1 in Spellcasting
   696 | D:2      | Reached skill level 1 in Conjurations
   696 | D:2      | Reached skill level 1 in Hexes
   696 | D:2      | Reached skill level 1 in Summonings
   696 | D:2      | Reached skill level 1 in Necromancy
   696 | D:2      | Reached skill level 1 in Translocations
   696 | D:2      | Reached skill level 1 in Transmutations
   696 | D:2      | Reached skill level 1 in Fire Magic
   696 | D:2      | Reached skill level 1 in Ice Magic
   696 | D:2      | Reached skill level 1 in Air Magic
   696 | D:2      | Reached skill level 1 in Earth Magic
   696 | D:2      | Reached skill level 1 in Poison Magic
   696 | D:2      | Reached skill level 1 in Evocations
   696 | D:2      | Reached XP level 4. HP: 38/38 MP: 4/6
   696 | D:2      | Reached XP level 5. HP: 43/43 MP: 4/7
   811 | D:2      | Reached XP level 6. HP: 47/50 MP: 8/8
   819 | D:2      | Killed Robin
   884 | D:2      | Found a faded altar of an unknown god.
  1247 | D:3      | Noticed Terence
  1257 | D:3      | Killed Terence
  1258 | D:3      | Reached skill level 5 in Fighting
  1258 | D:3      | Reached skill level 5 in Dodging
  2258 | D:4      | Noticed a black bear
  2278 | D:4      | Killed a black bear
  2279 | D:4      | Reached XP level 7. HP: 30/56 MP: 10/10
  3207 | D:5      | Entered Level 5 of the Dungeon
  3396 | D:5      | Reached skill level 9 in Ranged Weapons
  3563 | D:5      | Found a snail-covered altar of Cheibriados.
  3591 | D:5      | Found a radiant altar of Vehumet.
  3592 | D:5      | Found an iron altar of Okawaru.
  3592 | D:5      | Found a glowing silver altar of Zin.
  3667 | D:5      | Became a worshipper of Warmaster Okawaru
  3678 | D:5      | Learned a level 2 spell: Poisonous Vapours
  3682 | D:5      | Learned a level 3 spell: Mephitic Cloud
  3779 | D:5      | Found a stormy altar of Qazlal.
  3912 | D:5      | Reached XP level 8. HP: 63/63 MP: 5/12
  4930 | D:6      | Reached * piety under Okawaru
  5138 | D:6      | Found Cotepne's General Store.
  5146 | D:6      | Found Diadghui's Specific Store.
  5233 | D:6      | Reached XP level 9. HP: 49/69 MP: 6/14
  5370 | D:6      | Reached ** piety under Okawaru
  5859 | D:6      | Found a staircase to the Ecumenical Temple.
  5913 | D:6      | Reached skill level 5 in Stealth
  6341 | D:7      | Noticed Menkaure
  6444 | D:7      | Reached skill level 5 in Invocations
  6521 | D:7      | Killed Menkaure
  6704 | D:7      | Reached *** piety under Okawaru
  7700 | D:8      | Reached skill level 5 in Short Blades
  7700 | D:8      | Reached skill level 5 in Long Blades
  7700 | D:8      | Reached skill level 5 in Axes
  7700 | D:8      | Reached skill level 5 in Maces & Flails
  7700 | D:8      | Reached skill level 5 in Polearms
  7700 | D:8      | Reached skill level 5 in Staves
  7700 | D:8      | Reached skill level 5 in Throwing
  7700 | D:8      | Reached skill level 5 in Armour
  7700 | D:8      | Reached skill level 5 in Shields
  7700 | D:8      | Reached skill level 5 in Unarmed Combat
  7700 | D:8      | Reached skill level 5 in Spellcasting
  7700 | D:8      | Reached skill level 5 in Evocations
  7700 | D:8      | Reached XP level 10. HP: 76/77 MP: 3/17
  7702 | D:8      | Reached skill level 10 in Ranged Weapons
  7804 | D:8      | Found a staircase to the Lair.
  8184 | Temple   | Entered the Ecumenical Temple
  8308 | Temple   | Fell from the grace of Okawaru
  8308 | Temple   | Became a worshipper of Kikubaaqudgha
  8486 | D:$      | Got out of the dungeon alive.

Illustrated notes

Levels and vault maps discovered:
D:1:      dpeg_arrival_ternary, layout_basic
D:2:      layout_basic, hellmonk_ecumenical_altar_run_dry, uniq_robin,
          uniq_sigmund
D:3:      layout_basic, nicolae_kite_square_tiling_tiny, uniq_terence
D:4:      layout_loops_cross, mrwooster_statue_mirror,
          kennysheep_generic_room_12
D:5:      minmay_general_purpose_star, layout_layer_cave, kennysheep_little_box,
          chequers_temple_overflow_statue_of_worship,
          mainiacjoe_overflow_brackets
D:6:      layout_rooms, minmay_temple_entry_from_below_a,
          nicolae_specific_store, st_stairs_10, kennysheep_generic_room_11
D:7:      layout_layer_cave, uniq_menkaure
D:8:      cheibrodos_shockbox, layout_loops_corners,
          due_lair_maze_entry_diamond, uniq_maggie
Temple:   nicolae_temple_two_arcs

Skill      XL: |  1  2  3  4  5  6  7  8  9 10 |
---------------+-------------------------------+-----
Invocations    | 1 2 3 4 5 |  5.6
Short Blades   | 1 2 3 5 |  5.1
Long Blades    | 1 2 3 5 |  5.1
Axes           | 1 2 3 5 |  5.1
Maces & Flails | 1 2 3 5 |  5.1
Polearms       | 1 2 3 5 |  5.1
Staves         | 1 2 3 5 |  5.1
Throwing       | 1 2 3 5 |  5.1
Armour         | 1 2 3 5 |  5.1
Shields        | 1 2 3 5 |  5.1
Unarmed Combat | 1 2 3 5 |  5.1
Spellcasting   | 1 2 3 5 |  5.1
Conjurations   | 1 2 3 4 |  4.2
Hexes          | 1 2 3 4 |  4.2
Summonings     | 1 2 3 4 |  4.2
Necromancy     | 1 2 3 4 |  4.2
Translocations | 1 2 3 4 |  4.2
Transmutations | 1 2 3 4 |  4.2
Fire Magic     | 1 2 3 4 |  4.2
Ice Magic      | 1 2 3 4 |  4.2
Air Magic      | 1 2 3 4 |  4.2
Earth Magic    | 1 2 3 4 |  4.2
Poison Magic   | 1 2 3 4 |  4.2
Evocations     | 1 2 3 5 |  5.1
Stealth        | 3 4 5 |  5.7
Fighting       | 5 6 7 |  7.0
Dodging        | 5 6 7 |  7.0
Ranged Weapons | 9 10 | 10.0

Action                   |  1- 3 |  4- 6 |  7- 9 | 10-12 || total
-------------------------+-------+-------+-------+-------++-------
Melee: Shortbow          |       |     4 |       |       ||     4
       Scimitar          |       |       |    24 |     6 ||    30
       Hand axe          |       |       |     6 |       ||     6
       Bite              |       |       |     5 |     1 ||     6
       Unarmed           |       |       |     3 |       ||     3
       Punch             |       |       |     1 |       ||     1
 Fire: Shortbow          |    74 |   149 |   242 |       ||   465
Throw: Dart              |     4 |    26 |    12 |       ||    42
       Javelin           |       |     1 |     7 |       ||     8
 Cast: Poisonous Vapours |       |       |    90 |     4 ||    94
Evoke: Wand              |       |       |     4 |       ||     4
  Use: Potion            |     2 |       |     6 |       ||     8
       Scroll            |       |     1 |     6 |       ||     7
Armor: Leather armour    |     8 |    24 |    55 |       ||    87
Dodge: Dodged            |    13 |    65 |   187 |     5 ||   270

Table legend: (Time is in decaauts)
 A = Elapsed time spent in this place.
 B = Non-inter-level travel time spent in this place.
 C = Inter-level travel time spent in this place.
 D = Time resting spent in this place.
 E = Time spent auto-exploring this place.
 F = Levels seen in this place.
 G = Mean time per level.
                   A        B        C        D        E       F      G
               +--------+--------+--------+--------+--------+-----+--------+
         Total |   8507 |   7911 |    596 |    424 |   6340 |   9 |  945.2 |
       Dungeon |   8374 |   7801 |    573 |    424 |   6234 |   8 | 1046.8 |
        Temple |    133 |    111 |     22 |      0 |    106 |   1 |  133.0 |
               +--------+--------+--------+--------+--------+-----+--------+

Top non-repeatable levels by time:
     D:6: 1544 daAuts
     D:7: 1486 daAuts
     D:5: 1449 daAuts
     D:4: 1056 daAuts
     D:3: 1047 daAuts
     D:2: 647 daAuts
     D:8: 580 daAuts
     D:1: 563 daAuts
  Temple: 133 daAuts
